 Dungeon Crawl Stone Soup version 0.29-a0-892-g2c4c91d9db (webtiles) character file.

Game seed: 1793648981073152258

142 Querens the Covered (level 5, -1/45 (46) HPs)
             Began as a Meteoran Fighter on July 23, 2022.
             Slain by an orc
             ... wielding a +0 trident
              (7 damage)
             ... on level 3 of the Dungeon.
             The game lasted 00:04:42 (1258 turns).

Querens the Covered (Meteoran Fighter)              Turns: 1258, Time: 00:04:43

HP:   -1/45 (46)    AC:  7    Str: 19    XL:     5   Next: 79%
MP:   6/6           EV:  9    Int: 10    God:
Gold: 129           SH:  5    Dex: 13    Spells: 4/4 levels left

rFire   . . .      SeeInvis .   a - +0 war axe
rCold   . . .      Faith    .   c - +0 buckler
rNeg    . . .      Spirit   .   b - +0 scale mail
rPois   .          Reflect  .   (no helmet)
rElec   .          Harm     .   (no cloak)
rCorr   .          Rampage  .   (no gloves)
Will    .....                   (no boots)
Stlth   ..........              (no amulet)
HPRegen 0.15/turn               (no ring)
MPRegen 0.10/turn               (no ring)

@: glowing, lightly drained
A: sense surroundings 1, otherworldly, glowing, explore regen
a: no special abilities


You were on level 3 of the Dungeon.
You visited 1 branch of the dungeon, and saw 3 of its levels.

You collected 129 gold pieces.

Inventory:

Hand Weapons
 a - a +0 war axe (weapon)
Armour
 b - a +0 scale mail (worn)
 c - a +0 buckler (worn)
Jewellery
 o - an amulet of faith
Wands
 r - a wand of flame (20)
 s - a wand of mindburst (22)
Scrolls
 h - 2 scrolls of fear {unknown}
 j - 2 scrolls of teleportation {unknown}
 l - a scroll of magic mapping {unknown}
 m - 2 scrolls of amnesia {unknown}
 n - 3 scrolls of identify {unknown}
 q - a scroll of fog {unknown}
Potions
 d - 2 potions of might
 e - 4 potions of haste {unknown}
 f - 4 potions of heal wounds {unknown}
 g - 2 potions of curing {unknown}
 i - a potion of lignification {unknown}
 k - a potion of brilliance {unknown}
 p - 3 potions of flight {unknown}


   Skills:
 + Level 4.2 Fighting
 + Level 3.7 Axes
 + Level 4.7 Armour
 + Level 4.6 Shields


You had 4 spell levels left.
You didn't know any spells.
Your spell library contained the following spells:

 Spells                   Type           Power      Damage    Failure   Level
 Ozocubu's Armour         Ice            0%         N/A       99%         3
 Ozocubu's Refrigeration  Ice            0%         4d5       100%        7


Dungeon Overview and Level Annotations

Branches:
Dungeon (3/15) Zot: 684

Altars:


Innate Abilities, Weirdness & Mutations

You passively map a small area around you.
You are easily found by Zot.
You glow in the dark.
You regain HP and MP as you explore.


Message History

* * * LOW HITPOINT WARNING * * *
The orc attacks as you move away! The orc hits you but does no damage.
The orc attacks as you move away! The orc hits you with a +0 club.
* * * LOW HITPOINT WARNING * * *
The orc barely misses you. The orc attacks as you move away!
You block the orc's attack. The orc attacks as you move away!
The orc hits you but does no damage.
The orc hits you from afar with a +0 trident.
* * * LOW HITPOINT WARNING * * *
The orc attacks as you move away! The orc closely misses you.
The orc hits you but does no damage. The orc attacks as you move away!
The orc hits you but does no damage.
Found a club.
A bat and a hobgoblin come into view.
The hobgoblin shouts!
You hear a shout!
The orc attacks as you move away! The orc hits you but does no damage.
The bat hits you but does no damage.
An orc comes into view. It is wielding a +0 trident.
Found 9 gold pieces and a leather armour.
The bat hits you but does no damage.
A giant cockroach comes into view.
The hobgoblin hits you.
* * * LOW HITPOINT WARNING * * *
The orc attacks as you move away! The orc hits you but does no damage.
You block the bat's attack. The hobgoblin attacks as you move away!
The hobgoblin hits you but does no damage.
The bat hits you but does no damage. You block the giant cockroach's attack.
The orc hits you but does no damage. The orc attacks as you move away!
The orc barely misses you. The bat barely misses you.
The bat hits you but does no damage.
The orc hits you from afar with a +0 trident.
* * * LOW HITPOINT WARNING * * *
The hobgoblin attacks as you move away! You block the hobgoblin's attack.
The bat barely misses you. The giant cockroach barely misses you.
The orc hits you from afar with a +0 trident!
* * * LOW HITPOINT WARNING * * *
The bat misses you. The orc closely misses you.
The orc hits you from afar with a +0 trident!
You die...

, * #.#..## ,
,,..###########...### #
##.............(.... ,
#.##.......#......###.#
#.#............... #.# * .
.................#*#.# ..
#.............#..##.#
#.#..[......# #.....†.# *
.##.....@.....# ####..###
....##.oBg....# #...#
.....oob.....# #...#
,.###.o.......# #...### *
#........$#* #...#.. *
#...o.......###......
#.o.......#..........
######.o......######......
##..>...#.....## #...#..


You could see 7 orcs, a giant cockroach, a hobgoblin and a bat.

Vanquished Creatures
  Terence (D:2)
  2 orc wizards (D:3)
  A dart slug (D:1)
  6 orcs (D:3)
  5 bats
  7 endoplasms
  3 giant cockroaches
  6 hobgoblins
  A jackal (D:1)
  3 kobolds (D:1)
  A quokka (D:1)
  9 ball pythons
  3 frilled lizards (D:1)
  6 goblins
  4 rats
58 creatures vanquished.

Vanquished Creatures (others)
  A fungus (D:1)
  3 plants (D:1)
  3 withered plants (D:1)
7 creatures vanquished.

Grand Total: 65 creatures vanquished

Notes
Turn   | Place    | Note
-------+----------+-------------------------------------------
     0 | D:1      | Querens the Meteoran Fighter began the quest for the Orb.
     0 | D:1      | Reached XP level 1. HP: 19/19 MP: 2/2
    66 | D:1      | Reached XP level 2. HP: 19/26 MP: 3/3
   271 | D:1      | Found a faded altar of an unknown god.
   302 | D:1      | Reached XP level 3. HP: 28/31 MP: 4/4
   461 | D:1      | Reached XP level 4. HP: 40/40 MP: 5/5
   469 | D:1      | Glimpsed the power of Zot.
   519 | D:1      | Glimpsed the power of Zot.
   558 | D:1      | Glimpsed the power of Zot.
   568 | D:1      | Touched by the power of Zot.
   669 | D:1      | Glimpsed the power of Zot.
   936 | D:2      | Noticed Terence
   948 | D:2      | Killed Terence
  1082 | D:3      | Reached XP level 5. HP: 37/40 MP: 6/6
  1258 | D:3      | Slain by an orc

Illustrated notes

Levels and vault maps discovered:
D:1:      dpeg_cavernosity, layout_basic, shapermc_ecumenical_altar_flowoftime,
          minmay_pentomino_q2
D:2:      layout_rooms, uniq_terence
D:3:      layout_rooms, vehumet_crystals, nrook_loot_triangle

Skill      XL: |  1  2  3  4 |
---------------+-------------+-----
Armour         | 4 |  4.7
Shields        | 4 |  4.6
Axes           | 3 |  3.7
Fighting       | 4 |  4.2

Action                   |  1- 3 |  4- 6 || total
-------------------------+-------+-------++-------
Melee: War axe           |    77 |    73 ||   150
Evoke: Wand              |       |     3 ||     3
Armor: Scale mail        |    50 |    77 ||   127
Dodge: Dodged            |    25 |    40 ||    65
Block: Buckler           |    30 |    39 ||    69

Table legend: (Time is in decaauts)
 A = Elapsed time spent in this place.
 B = Non-inter-level travel time spent in this place.
 C = Inter-level travel time spent in this place.
 D = Time resting spent in this place.
 E = Time spent auto-exploring this place.
 F = Levels seen in this place.
 G = Mean time per level.
                   A        B        C        D        E       F      G
               +--------+--------+--------+--------+--------+-----+--------+
         Total |   1315 |   1068 |    247 |      0 |      0 |   3 |  438.3 |
       Dungeon |   1315 |   1068 |    247 |      0 |      0 |   3 |  438.3 |
               +--------+--------+--------+--------+--------+-----+--------+

Top non-repeatable levels by time:
     D:1: 703 daAuts
     D:2: 398 daAuts
     D:3: 213 daAuts
